 Dungeon Crawl Stone Soup version 0.31-a0-1576-ga3383bade6 (webtiles) character file.

Game seed: 16785901989725378052

21889 Xavori the Nimble (level 13, -2/94 HPs)
             Began as a Djinni Chaos Knight on Jan 4, 2024.
             Was a Plaything of Xom.
             Slain by an anaconda simulacrum (4 damage)
             ... in an ice cave.
             The game lasted 00:23:05 (17911 turns).

Xavori the Nimble (Djinni Chaos Knight)            Turns: 17911, Time: 00:23:06

Health: -2/94      AC:  8    Str: 23    XL:     13   Next: 23%
Gold:   583        EV: 17    Int: 10    God:    Xom [....*.] SH:  0 Dex: 24

rFire   + + .        v - +5 great sword (freeze)
rCold   x . .        (shield currently unavailable)
rNeg    . . .        I - +0 troll leather armour
rPois   ∞            L - +0 helmet
rElec   .            G - +1 cloak {Will+}
rCorr   +            m - +1 pair of gloves
SInv    +            (boots unavailable)
Will    +++..        (no amulet)
Stlth   +++          J - ring of resist corrosion
HPRegen 1.95/turn    y - +6 ring of strength
MPRegen 0.00/turn

%: clarity, infuse magic (-3 HP)
@: flying, constricted
A: sickness immunity, fire resistance 2, cold vulnerability 1, float, innate
caster, HP casting, extra vitality 1, claws 1, camouflage 1, see invisible,
agile 2, clarity, deformed body, strong-willed 1, regeneration 1, strong 2, wild
magic 1, MP-powered wands
a: Renounce Religion


You were in an ice cave.
You worshipped Xom.
You were a beloved toy of Xom.
You visited 2 branches of the dungeon, and saw 13 of its levels.
You also visited: Ossuary and Ice Cave.

You collected 972 gold pieces.
You spent 389 gold pieces at shops.

Inventory:

Hand Weapons
 a - a +0 falchion of chaos
 v - a +5 great sword of freezing (weapon)
Missiles
 q - 3 throwing nets
Armour
 b - a +2 leather armour
 m - a +1 pair of gloves (worn)
 G - a +1 cloak of willpower (worn)
 I - a +0 troll leather armour (worn)
 L - a +0 helmet (worn)
Jewellery
 e - a ring of protection from fire
 y - a +6 ring of strength (right hand)
 F - a ring of protection from fire
 J - a ring of resist corrosion (left hand)
Wands
 C - a wand of iceblast (8)
 D - a wand of mindburst (11)
 H - a wand of paralysis (6)
Scrolls
 c - a scroll of butterflies
 d - 4 scrolls of fog
 g - 4 scrolls of enchant weapon
 h - 6 scrolls of blinking
 i - 3 scrolls of revelation
 k - 5 scrolls of immolation
 l - a scroll of torment
 s - 2 scrolls of identify
 t - 2 scrolls of poison
 u - 4 scrolls of teleportation
 w - a scroll of fear
 B - a scroll of summoning
 E - a scroll of enchant armour
Potions
 f - 3 potions of enlightenment
 j - 2 potions of degeneration
 n - a potion of berserk rage
 o - 8 potions of curing
 p - 5 potions of might
 r - 3 potions of haste
 x - a potion of attraction
 z - 3 potions of heal wounds
 A - a potion of invisibility
Miscellaneous
 K - a box of beasts


   Skills:
 + Level 9.1 Fighting
 + Level 8.3 Long Blades
 + Level 8.6 Armour
 + Level 9.6 Dodging
 * Level 9.3 Spellcasting
 * Level 9.3 Conjurations
 * Level 9.3 Hexes
   Level 0.0 Charms
 * Level 9.3 Summonings
 * Level 9.3 Necromancy
 * Level 9.3 Translocations
   Level 0.0 Transmutations
 * Level 9.3 Fire Magic
 * Level 9.3 Ice Magic
 * Level 9.3 Air Magic
 * Level 9.3 Earth Magic
 * Level 9.3 Alchemy
 + Level 5.1 Evocations


You knew the following spells:

 Your Spells              Type           Power      Damage    Failure   Level
a - Necrotise             Necr           100%       1d9       1%          1
b - Static Discharge      Conj/Air       60%        3-6/arc   1%          2
c - Dazzling Flash        Conj/Hex       60%        N/A       2%          3
d - Stone Arrow           Conj/Erth      60%        3d10      2%          3
e - Summon Mana Viper     Hex/Summ       30%        N/A       14%         5
f - Borgnjor's Vile Clut  Necr/Erth      15%        N/A       14%         5
Your spell library was empty.

Dungeon Overview and Level Annotations

Branches:
Dungeon (11/15)            Temple (0/1) D:7            Lair (2/5) D:10
    Orc (0/2) D:10        Ossuary (visited)           IceCv (1/1)
  Swamp: Lair:2-3    Shoals: Lair:2-3     Snake: Lair:2-3    Spider: Lair:2-3

Altars:
Ashenzari
Dithmenos
Fedhas
Nemelex Xobeh
Qazlal
Uskayaw
Xom
Yredelemnul
Zin
The Shining One

Shops:
D:1 :   D:5 ?   D:7 !   D:8 (   D:11 *

Annotations:
D:3 1 runed translucent door
D:11 3 runed translucent doors, Azoth's ghost, journeyman KoWr; thriggle's ghost, journeyman BaFi


Innate Abilities, Weirdness & Mutations

You are immune to sickness and miasma.
You are immune to poison.
Your flesh is very heat resistant. (rF++)
You are vulnerable to cold. (rC-)
You float through the air rather than walking.
You learn spells naturally, not from books.
Your magical power is your life essence.
You have superior vitality. (+4 MHP)
You have sharp fingernails.
Your skin changes colour to match your surroundings (Stealth+).
You have supernaturally acute eyesight. (SInv)
You are very agile. (Dex +8, Str/Int -2)
You possess an exceptional clarity of mind.
Armour fits poorly on your strangely shaped body.
You are strong-willed. (Will+)
Your natural rate of healing is unusually fast.
Your muscles are very strong. (Str +8, Int/Dex -2)
Your spells are a little harder to cast, but a little more powerful.
You expend health (3 HP) to strengthen your wands.


Message History

The ice beast disappears in a puff of smoke! x2
You swap places.
Your mana viper disappears in a puff of smoke!
s - 2 scrolls of identify (gained 1)
You swap places.
You start resting.
HP restored.
t - 2 scrolls of poison (gained 1)
You reach down and open the door.
There is an open door here.
You reach down and open the door.
An anaconda simulacrum comes into view.
There is an open door here.
The helpless anaconda simulacrum fails to defend itself.
You slice the anaconda simulacrum!!
The anaconda simulacrum is severely damaged.
The anaconda simulacrum barely misses you.
The anaconda simulacrum completely misses you.
The anaconda simulacrum grabs you. The anaconda simulacrum bites you.
The anaconda simulacrum freezes you!!!
You feel a terrible chill!
Ouch! That really hurt!
The anaconda simulacrum constricts you.
You escape the anaconda simulacrum's grasp.
The anaconda simulacrum attacks as it pursues you!
The anaconda simulacrum misses you.
The anaconda simulacrum bites you but does no damage.
Your white imp hits the anaconda simulacrum.
Your white imp freezes the anaconda simulacrum.
The anaconda simulacrum completely resists.
You hit the anaconda simulacrum.
The anaconda simulacrum is almost destroyed.
The anaconda simulacrum grabs you. The anaconda simulacrum bites you.
The anaconda simulacrum freezes you!!!
You feel a terrible chill!
* * * LOW HITPOINT WARNING * * *
A shower of butterflies erupts from you!
The anaconda simulacrum constricts you.
* * * LOW HITPOINT WARNING * * *
Your white imp hits the anaconda simulacrum but does no damage.
The anaconda simulacrum bites you.
You die...

#.####...####.#
###.4#...# .#
#⌠[##'## #
##+#...# #...#
#...### #.b.#.#
#+#.bb#Z#
+.....@5+
#.8...8.#
+....bb.+
#.8...8.#
..........
###.8...8.##
+.......+
#.8...8.#


You could see an anaconda simulacrum (ally target) and a friendly white imp
(summoned).

Vanquished Creatures
  Josephine (D:10)
  A boulder beetle (D:11)
  Pikel (D:7)
  2 oklob plants (Lair:1)
  A manticore (D:11)
  Maurice (D:8)
  6 elephants (Lair:2)
  A cyclops (D:11)
  3 slime creatures (D:11)
  A black mamba (Lair:1)
  Jeremiah (D:7)
  2 ice statues (IceCv)
  3 cane toads (Lair:1)
  6 trolls
  Grinder (D:3)
  A shadow (D:10)
  A vampire (D:11)
  5 yaks
  5 wraiths
  4 wyverns
  Grum (D:8)
  2 death yak simulacra (IceCv)
  2 basilisks
  8 vampire mosquitoes (D:11)
  Menkaure (D:6)
  A steam dragon (Lair:1)
  10 water moccasins
  Duvessa (D:4)
  3 orc warriors
  5 ice beasts
  2 black bears (D:5)
  4 wolves (D:8)
  2 ogres
  5 centaurs
  2 phantoms
  Blork the orc (D:6)
  5 scorpions
  A two-headed ogre simulacrum (IceCv)
  8 bullfrogs
  A cane toad simulacrum (IceCv)
  8 wights
  A burial acolyte (Ossuary)
  Dowan (D:4)
  An elephant simulacrum (IceCv)
  The ghost of grandjackal the Chopper, a weakling DsGl (D:3)
  2 howler monkeys (D:7)
  6 electric eels
  3 bombardier beetles (D:6)
  4 hounds
  2 gnoll boudas
  2 jellies
  8 orc priests
  Jessica (D:3)
  Crazy Yiuf (D:3)
  2 iguanas (D:4)
  16 orc wizards
  Natasha (D:2)
  A spriggan simulacrum (IceCv)
  A mummy (Ossuary)
  15 gnolls
  8 adders
  3 shadow imps
  14 white imps
  2 ufetubi (D:5)
  5 dart slugs
  45 orcs
  8 ball pythons
  6 bats
  3 endoplasms
  4 goblins
  9 hobgoblins
  3 jackals (D:3)
  4 quokkas
  3 frilled lizards
  7 gnoll skeletons (Ossuary)
  3 kobolds
  6 kobold skeletons (Ossuary)
  9 orc skeletons (Ossuary)
  6 rats
337 creatures vanquished.

Vanquished Creatures (collateral kills)
  A cyclops (D:11)
  Sigmund (D:3)
  3 yaks
  A black bear (D:5)
  An ogre (D:5)
  5 wights (D:7)
  A jelly (D:5)
  An orc priest (D:7)
  An orc wizard (D:5)
  5 orcs
  A frilled lizard (D:3)
21 creatures vanquished.

Vanquished Creatures (others)
  A dancing weapon (D:7)
  A wraith (D:10)
  An ogre (D:6)
  An orc wizard (D:5)
  3 orcs (D:4)
  A rat zombie (D:3)
8 creatures vanquished.

Grand Total: 366 creatures vanquished

Notes
Turn   | Place    | Note
-------+----------+-------------------------------------------
     0 | D:1      | Xavori the Djinni Chaos Knight began the quest for the Orb.
     0 | D:1      | Reached XP level 1. HP: 20/20 MP: 0/0
    17 | D:1      | XOM: smoke on damage
    43 | D:1      | XOM: silly message
    70 | D:1      | Reached XP level 2. HP: 25/25 MP: 0/0
    86 | D:1      | Found Uffimpeept's Book Shop.
   311 | D:1      | XOM: divination: detect creatures
   397 | D:1      | Reached XP level 3. HP: 30/30 MP: 0/0
   397 | D:1      | Learned a level 1 spell: Necrotise
   473 | D:1      | Reached skill level 1 in Spellcasting
   473 | D:1      | Reached skill level 1 in Conjurations
   473 | D:1      | Reached skill level 1 in Hexes
   473 | D:1      | Reached skill level 1 in Summonings
   473 | D:1      | Reached skill level 1 in Necromancy
   473 | D:1      | Reached skill level 1 in Translocations
   473 | D:1      | Reached skill level 1 in Fire Magic
   473 | D:1      | Reached skill level 1 in Ice Magic
   473 | D:1      | Reached skill level 1 in Air Magic
   473 | D:1      | Reached skill level 1 in Earth Magic
   473 | D:1      | Reached skill level 1 in Alchemy
   626 | D:2      | XOM: cleaving
  1343 | D:1      | XOM: divination: detect creatures
  1564 | D:1      | XOM: give mutations
  1564 | D:1      | Gained mutation: Your spells are a little harder to cast,
                  | but a little more powerful. [Xom's grace]
  1564 | D:1      | Gained mutation: You are partially covered in large bone
                  | plates. (SH +4) [Xom's grace]
  1564 | D:1      | Gained mutation: You have a pair of small horns on your
                  | head. [Xom's grace]
  1575 | D:1      | XOM: scenery: create altars
  1995 | D:1      | XOM: divination: magic mapping
  2248 | D:1      | XOM: stat loss: -1 Int (12/13)
  2349 | D:1      | XOM: noise
  2644 | D:1      | XOM: summons 2 hostile demons
  2645 | D:1      | Noticed a hellwing
  2710 | D:2      | XOM: give mutations
  2710 | D:2      | Gained mutation: Your mind is acute. (Int +4, Str/Dex -1)
                  | [Xom's mischief]
  2710 | D:2      | Gained mutation: You have hidden genetic potential. [Xom's
                  | mischief]
  3028 | D:1      | XOM is BORED!
  3342 | D:1      | XOM: summons 2 hostile demons
  3598 | D:1      | XOM: torment (16/30 hp)
  4222 | D:1      | XOM: god gift: 9 stones
  4597 | D:1      | XOM: draining
  4826 | D:1      | XOM is BORED!
  4826 | D:1      | XOM: noise
  4953 | D:1      | XOM: give mutations
  4953 | D:1      | Lost mutation: You have a pair of small horns on your head.
                  | [Xom's mischief]
  4953 | D:1      | Gained mutation: You are strong-willed. (Will+) [Xom's
                  | mischief]
  5189 | D:2      | XOM: summons 4 hostile shadow creatures
  5248 | D:2      | XOM: confuse monster(s)
  5253 | D:2      | XOM: give mutations
  5253 | D:2      | Gained mutation: You are resistant to electric shocks.
                  | (rElec) [Xom's mischief]
  5253 | D:2      | Gained mutation: Armour fits poorly on your strangely
                  | shaped body. [Xom's mischief]
  5256 | D:2      | Reached XP level 4. HP: 21/31 MP: 0/0
  5272 | D:2      | Gained mutation: You are agile. (Dex +4, Str/Int -1)
                  | [hidden potential]
  5303 | D:2      | XOM: silly message
  5377 | D:2      | XOM: stat loss: -1 Str (8/9)
  5392 | D:2      | XOM: give mutations
  5392 | D:2      | Lost mutation: You are partially covered in large bone
                  | plates. (SH +4) [Xom's mischief]
  5392 | D:2      | Gained mutation: You are weak. (Str -2) [Xom's mischief]
  5398 | D:2      | Reached XP level 5. HP: 40/40 MP: 0/0
  5398 | D:2      | Learned a level 2 spell: Static Discharge
  5553 | D:1      | XOM: give mutations
  5553 | D:1      | Lost mutation: Your mind is acute. (Int +4, Str/Dex -1)
                  | [Xom's mischief]
  5553 | D:1      | Lost mutation: Your spells are a little harder to cast, but
                  | a little more powerful. [Xom's mischief]
  5553 | D:1      | Lost mutation: You are resistant to electric shocks.
                  | (rElec) [Xom's mischief]
  5553 | D:1      | Gained mutation: You are very weak. (Str -4) [Xom's
                  | mischief]
  7094 | D:1      | XOM: god gift: fuming dark potion {god gift}
  7251 | D:1      | XOM: scenery: create altars
  7410 | D:1      | XOM: scenery: summon butterflies
  7537 | D:1      | XOM: give mutations
  7537 | D:1      | Gained mutation: You have supernaturally acute eyesight.
                  | (SInv) [Xom's grace]
  7537 | D:1      | Gained mutation: You are very agile. (Dex +8, Str/Int -2)
                  | [Xom's grace]
  7537 | D:1      | Gained mutation: You expend health (3 HP) to strengthen
                  | your wands. [Xom's grace]
  7723 | D:2      | Noticed Natasha
  7735 | D:2      | XOM: fog
  7739 | D:2      | HP: 2/40 [cerulean imp/+1 spear[Natasha] (5)]
  7742 | D:2      | XOM: confuse monster(s)
  7745 | D:2      | Killed Natasha
  7870 | D:2      | XOM: give mutation
  7870 | D:2      | Gained mutation: Your natural rate of healing is unusually
                  | fast. [Xom's grace]
  7954 | D:3      | XOM: give mutations
  7954 | D:3      | Gained mutation: Your skin changes colour to match your
                  | surroundings (Stealth+). [Xom's grace]
  7954 | D:3      | Lost mutation: You are very weak. (Str -4) [Xom's grace]
  7956 | D:3      | Found a runed translucent door.
  7969 | D:3      | XOM: give mutation
  7969 | D:3      | Gained mutation: Your spells are a little harder to cast,
                  | but a little more powerful. [Xom's grace]
  7971 | D:3      | Noticed a phantom
  7972 | D:3      | Noticed grandjackal's ghost (weakling DsGl)
  7977 | D:3      | XOM: scenery: 1 doors open
  7977 | D:3      | Noticed a water moccasin
  7981 | D:3      | XOM: scenery: create altars
  7985 | D:3      | Killed a phantom
  7986 | D:3      | Reached XP level 6. HP: 34/47 MP: 0/0
  7993 | D:3      | Killed grandjackal's ghost
  7996 | D:3      | Killed a water moccasin
  7998 | D:3      | Reached XP level 7. HP: 8/52 MP: 0/0
  7998 | D:3      | Learned a level 3 spell: Dazzling Flash
  8056 | D:3      | Noticed Sigmund
  8061 | D:3      | Killed Sigmund
  8337 | D:3      | XOM: 9-stop teleportation journey
  8523 | D:3      | Noticed Jessica
  8524 | D:3      | Killed Jessica
  8536 | D:3      | Found a runed translucent door.
  8537 | D:3      | Noticed Crazy Yiuf
  8588 | D:3      | XOM: divination: detect creatures
  8603 | D:3      | Noticed Grinder
  8618 | D:3      | Killed Grinder
  8619 | D:3      | Reached XP level 8. HP: 20/58 MP: 0/0
  8626 | D:3      | Gained mutation: You have sharp fingernails. [hidden
                  | potential]
  8626 | D:3      | Lost mutation: You have hidden genetic potential. [hidden
                  | potential expressed]
  8676 | D:3      | XOM: scenery: create altars
  8783 | D:3      | XOM: give mutations
  8783 | D:3      | Lost mutation: You are weak. (Str -2) [Xom's grace]
  8783 | D:3      | Gained mutation: Your mind is acute. (Int +4, Str/Dex -1)
                  | [Xom's grace]
  8863 | D:3      | Killed Crazy Yiuf
  8964 | D:4      | Noticed Duvessa
  8964 | D:4      | Noticed Dowan
  8979 | D:4      | Killed Duvessa
  9049 | D:4      | XOM: god gift: throwing net
  9061 | D:4      | Killed Dowan
  9107 | D:4      | XOM: summons 1 hostile shadow creature
  9244 | D:4      | XOM: polymorph dart slug -> iguana
  9336 | D:4      | XOM: destruction
  9878 | D:4      | Found a stormy altar of Qazlal.
  9902 | D:4      | XOM: scenery: 1 doors open
  9905 | D:4      | Reached skill level 5 in Fighting
 10002 | D:5      | Entered Level 5 of the Dungeon
 10032 | D:5      | XOM: summons 8 friendly demons
 10039 | D:5      | XOM: polymorph iguana -> ogre
 10040 | D:5      | Reached skill level 5 in Dodging
 10040 | D:5      | Reached XP level 9. HP: 65/65 MP: 0/0
 10040 | D:5      | Learned a level 3 spell: Stone Arrow
 10076 | D:5      | XOM: cast spell 'Summon Mana Viper'
 10177 | D:5      | Reached skill level 5 in Spellcasting
 10177 | D:5      | Reached skill level 5 in Conjurations
 10177 | D:5      | Reached skill level 5 in Hexes
 10177 | D:5      | Reached skill level 5 in Summonings
 10177 | D:5      | Reached skill level 5 in Necromancy
 10177 | D:5      | Reached skill level 5 in Translocations
 10177 | D:5      | Reached skill level 5 in Fire Magic
 10177 | D:5      | Reached skill level 5 in Ice Magic
 10177 | D:5      | Reached skill level 5 in Air Magic
 10177 | D:5      | Reached skill level 5 in Earth Magic
 10177 | D:5      | Reached skill level 5 in Alchemy
 10182 | D:5      | Reached skill level 5 in Long Blades
 10321 | D:5      | XOM: fog
 10532 | D:5      | Found a glowing silver altar of Zin.
 10629 | D:5      | Found a sparkling altar of Nemelex Xobeh.
 10832 | D:5      | Found The Oracle's Delphic Readings.
 10837 | D:5      | Bought a scroll of poison for 44 gold pieces
 10865 | D:5      | Reached skill level 5 in Armour
 10866 | D:5      | XOM: cloud trail
 11163 | D:6      | Found a glowing golden altar of the Shining One.
 11231 | D:6      | Reached XP level 10. HP: 72/72 MP: 0/0
 11236 | D:6      | Found a hide-covered altar of Uskayaw.
 11236 | D:6      | XOM: 7-stop teleportation journey
 11368 | D:6      | Noticed Blork the orc
 11377 | D:6      | Killed Blork the orc
 11391 | D:6      | Noticed Menkaure
 11395 | D:6      | XOM: enchant monster (good)
 11431 | D:6      | XOM: fake destruction
 11539 | D:6      | Found a shimmering altar of Xom.
 11677 | D:6      | XOM: enchant monster (bad)
 11813 | D:6      | Killed Menkaure
 11970 | D:7      | XOM: silly message
 11987 | D:7      | Noticed Pikel
 11994 | D:7      | XOM: potion effect (curing)
 12005 | D:7      | Killed Pikel
 12038 | D:7      | Found a staircase to the Ecumenical Temple.
 12054 | D:7      | XOM: fake destruction
 12058 | D:7      | XOM: cast spell 'Discord'
 12131 | D:7      | XOM: enchant monster (good)
 12134 | D:7      | XOM: noise
 12137 | D:7      | Noticed Jeremiah
 12252 | D:7      | XOM: confuse monster(s)
 12261 | D:7      | Killed Jeremiah
 12290 | D:7      | Found a sand-covered staircase.
 12301 | Ossuary  | Entered an ossuary
 12388 | Ossuary  | XOM: silly message
 12389 | Ossuary  | XOM: potion effect (haste)
 12409 | Ossuary  | XOM: cloud trail
 12518 | Ossuary  | XOM: silly message
 12677 | D:7      | Found Olioplik's Distillery.
 12680 | D:7      | Bought a potion of heal wounds for 75 gold pieces
 12680 | D:7      | Bought a potion of heal wounds for 75 gold pieces
 12680 | D:7      | Bought a potion of degeneration for 15 gold pieces
 12680 | D:7      | Bought a potion of might for 60 gold pieces
 12680 | D:7      | Bought a potion of might for 60 gold pieces
 12680 | D:7      | Bought a potion of might for 60 gold pieces
 13166 | D:8      | Found Cufump's Weapon Shoppe.
 13227 | D:8      | Reached XP level 11. HP: 69/79 MP: 0/0
 13227 | D:8      | Learned a level 5 spell: Summon Mana Viper
 13255 | D:8      | Noticed Grum
 13256 | D:8      | XOM: cast spell 'Alistair's Intoxication'
 13262 | D:8      | Killed Grum
 13540 | D:8      | Noticed Maurice
 13555 | D:8      | Maurice stole a throwing net
 13557 | D:8      | Maurice stole a ring of protection from fire
 13558 | D:8      | Maurice stole 182 gold
 13559 | D:8      | XOM: smoke on damage
 13561 | D:8      | Killed Maurice
 13726 | D:8      | Found a basalt altar of Yredelemnul.
 13949 | D:9      | XOM: cloud trail
 14092 | D:9      | Found a shadowy altar of Dithmenos.
 14130 | D:9      | XOM: smoke on damage
 14224 | D:9      | Reached skill level 1 in Evocations
 14287 | D:9      | XOM: give mutations
 14287 | D:9      | Gained mutation: Your muscles are strong. (Str +4, Int/Dex
                  | -1) [Xom's grace]
 14287 | D:9      | Gained mutation: You possess an exceptional clarity of
                  | mind. [Xom's grace]
 14287 | D:9      | Gained mutation: Your muscles are very strong. (Str +8,
                  | Int/Dex -2) [Xom's grace]
 14293 | D:9      | XOM: 5-stop teleportation journey
 14445 | D:9      | XOM: scenery: 1 doors open, 1 doors close
 14586 | D:10     | Entered Level 10 of the Dungeon
 14590 | D:10     | XOM: confuse monster(s)
 14625 | D:10     | Found a broken altar of Ashenzari.
 14707 | D:10     | Noticed Josephine
 14708 | D:10     | XOM: potion effect (brilliance)
 14720 | D:10     | XOM: destruction
 14721 | D:10     | Killed Josephine
 14727 | D:10     | XOM: 1-stop teleportation journey
 14802 | D:10     | Found a staircase to the Lair.
 14890 | D:10     | XOM: scenery: 1 doors close
 15175 | D:10     | Found a staircase to the Orcish Mines.
 15198 | D:10     | XOM: destruction
 15324 | D:11     | Noticed a boulder beetle
 15335 | D:11     | Killed a boulder beetle
 15336 | D:11     | Reached XP level 12. HP: 68/86 MP: 0/0
 15395 | D:11     | Found a blossoming altar of Fedhas.
 15468 | D:11     | XOM: enchant monster (bad)
 15535 | D:11     | Found a runed translucent gate.
 15535 | D:11     | Found a runed translucent gate.
 15535 | D:11     | Found a runed translucent gate.
 15539 | D:11     | Noticed thriggle's ghost (journeyman BaFi)
 15539 | D:11     | Noticed Azoth's ghost (journeyman KoWr)
 15557 | D:11     | Identified the +5 scale mail of Theory {+Blink rF+ rC-
                  | Int+3}
 15854 | D:11     | XOM: 3-stop teleportation journey
 16054 | D:11     | Found Itsohakh's General Store.
 16602 | Lair:1   | Entered Level 1 of the Lair of Beasts
 16708 | Lair:1   | XOM: smoke on damage
 16804 | Lair:1   | Found a blossoming altar of Fedhas.
 16804 | Lair:1   | XOM: 3-stop teleportation journey
 16985 | Lair:1   | XOM: 1-stop teleportation journey
 17441 | Lair:2   | XOM: scenery: create altars
 17452 | Lair:2   | XOM: noise
 17470 | Lair:2   | XOM: swap monsters
 17482 | Lair:2   | Reached XP level 13. HP: 81/94 MP: 0/0
 17482 | Lair:2   | Learned a level 5 spell: Borgnjor's Vile Clutch
 17497 | Lair:2   | XOM: smoke on damage
 17554 | Lair:2   | Found a frozen archway.
 17619 | IceCv    | Entered an ice cave
 17638 | IceCv    | Reached skill level 5 in Evocations
 17669 | IceCv    | XOM: potion effect (might)
 17681 | IceCv    | XOM: butterfly on damage
 17692 | IceCv    | XOM: give mutation
 17692 | IceCv    | Lost mutation: Your mind is acute. (Int +4, Str/Dex -1)
                  | [Xom's mischief]
 17801 | IceCv    | XOM: summons friendly white imp
 17911 | IceCv    | HP: 3/94 [anaconda simulacrum (37)]
 17911 | IceCv    | XOM: butterfly on damage
 17911 | IceCv    | Slain by an anaconda simulacrum

Illustrated notes

Levels and vault maps discovered:
D:1:      grunt_arrival_crossed_arrows, layout_rooms, serial_shops, shop,
          minmay_hexomino_u4
D:2:      layout_basic, hellmonk_ecumenical_altar_inner_sanctum,
          chequers_serial_rivers_micro_c, uniq_natasha
D:3:      layout_basic, ebering_ghost_inner_flame, uniq_jessica, uniq_sigmund,
          uniq_crazy_yiuf_cottage, uniq_grinder
D:4:      layout_gridville, nicolae_qazlal_scattered_showers, uniq_duvessa
D:5:      kennysheep_spiral_hall, layout_loops_cross,
          mainiacjoe_overflow_brackets, nemelex_diamond_rough_becter,
          kennysheep_mini_moat, st_stairs_5, minivault_4,
          nicolae_nh_oracle_at_delphi
D:6:      layout_gridville, kennysheep_little_box, amcnicky_altar_gilded,
          lemuel_round_altar, uniq_blork_the_orc, uniq_menkaure
D:7:      layout_basic, minmay_temple_entry_slanted, serial_shops,
          kennysheep_mini, nicolae_ossuary_entry_monument, grunt_ministairs_14,
          uniq_pikel, uniq_jeremiah
D:8:      layout_basic, mainiacjoe_overflow_alcove_4, serial_shops,
          nicolae_shop_bloodbath_and_beyond, uniq_grum, uniq_maurice
D:9:      layout_basic, grunt_dithmenos_smoke_and_mirrors
D:10:     layout_roguey, cheibrodos_ashenzari_chains, lair_entry_dummy,
          hiddenorc1_lemuel, uniq_josephine
D:11:     layout_basic, serial_shops, nicolae_square_shop,
          gammafunk_ghost_cemetery, minmay_misc_feat_columns,
          fedhas_ov_isle_minmay
Lair:1:   layout_big_grid, hangedman_tree_tricks, wad_woods_river_02,
          st_stairs_8, grunt_megastairs_3
Lair:2:   layout_cave_pods, portal_ice_cave_entry_imps, serial_bayou_pond_b
IceCv:    ice_cave_tombish

Skill      XL: |  1  2  3  4  5  6  7  8  9 10 11 12 13 |
---------------+----------------------------------------+-----
Spellcasting   | 1 2 3 4 5 7 8 9 |  9.3
Conjurations   | 1 2 3 4 5 7 8 9 |  9.3
Hexes          | 1 2 3 4 5 7 8 9 |  9.3
Summonings     | 1 2 3 4 5 7 8 9 |  9.3
Necromancy     | 1 2 3 4 5 7 8 9 |  9.3
Translocations | 1 2 3 4 5 7 8 9 |  9.3
Fire Magic     | 1 2 3 4 5 7 8 9 |  9.3
Ice Magic      | 1 2 3 4 5 7 8 9 |  9.3
Air Magic      | 1 2 3 4 5 7 8 9 |  9.3
Earth Magic    | 1 2 3 4 5 7 8 9 |  9.3
Alchemy        | 1 2 3 4 5 7 8 9 |  9.3
Long Blades    | 3 4 5 6 7 8 |  8.3
Armour         | 2 3 4 5 6 7 8 |  8.6
Dodging        | 3 4 5 6 7 8 9 |  9.6
Fighting       | 4 5 6 7 8 9 |  9.1
Evocations     | 2 4 5 |  5.1

Action                     |  1- 3 |  4- 6 |  7- 9 | 10-12 | 13-15 || total
---------------------------+-------+-------+-------+-------+-------++-------
  Melee: Falchion          |    84 |    60 |   334 |   164 |       ||   642
         Punch             |     2 |     2 |     7 |     5 |       ||    16
         Great sword       |       |       |       |   367 |    79 ||   446
   Cast: Dazzling Flash    |       |       |     8 |    14 |       ||    22
         Stone Arrow       |       |       |     1 |    32 |    16 ||    49
         Summon Mana Viper |       |       |       |     4 |     2 ||     6
  Evoke: Wand              |       |       |       |     1 |     1 ||     2
    Use: Potion            |       |     4 |       |       |       ||     4
         Scroll            |       |     1 |    11 |     2 |     4 ||    18
   Stab: Confused          |     3 |     1 |     2 |     5 |       ||    11
         Sleeping          |       |     1 |     7 |    13 |     1 ||    22
         Paralysed         |       |       |     2 |     3 |     1 ||     6
         Invisible         |       |       |     3 |     8 |       ||    11
         Distracted        |       |       |       |     2 |       ||     2
 Armour: Leather armour    |    75 |    52 |   200 |   167 |       ||   494
         Troll leather arm |       |       |       |   212 |    65 ||   277
  Dodge: Dodged            |    84 |    51 |   288 |   571 |    63 ||  1057
  Block: Other             |    10 |     1 |       |       |       ||    11

Table legend: (Time is in decaauts)
 A = Elapsed time spent in this place.
 B = Non-inter-level travel time spent in this place.
 C = Inter-level travel time spent in this place.
 D = Time resting spent in this place.
 E = Time spent auto-exploring this place.
 F = Levels seen in this place.
 G = Mean time per level.
                   A        B        C        D        E       F      G
               +--------+--------+--------+--------+--------+-----+--------+
         Total |  18111 |  17555 |    556 |   7455 |   6924 |  15 | 1207.4 |
       Dungeon |  16542 |  16052 |    490 |   7333 |   6213 |  11 | 1503.8 |
          Lair |   1056 |    991 |     65 |     41 |    572 |   2 |  528.0 |
       Ossuary |    213 |    213 |      0 |      0 |    102 |   1 |  213.0 |
      Ice Cave |    299 |    299 |      0 |     81 |     37 |   1 |  299.0 |
               +--------+--------+--------+--------+--------+-----+--------+

Top non-repeatable levels by time:
     D:1: 6728 daAuts
    D:11: 1288 daAuts
     D:3: 1176 daAuts
     D:2: 1170 daAuts
     D:5: 1048 daAuts
     D:4: 971 daAuts
     D:8: 961 daAuts
     D:6: 878 daAuts
     D:7: 820 daAuts
  Lair:1: 801 daAuts
    D:10: 801 daAuts
     D:9: 695 daAuts
   IceCv: 299 daAuts
  Lair:2: 254 daAuts
 Ossuary: 213 daAuts
